 Dungeon Crawl Stone Soup version 0.28-b1-38-gff268fdeb9 (webtiles) character file.

Game seed: 5344584500286325854

58 Hantington the Ducker (level 3, -4/36 HPs)
             Began as a Troll Monk on Feb 3, 2022.
             Killed from afar by an orc wizard (11 damage)
             ... with a magic dart
             ... on level 3 of the Dungeon.
             The game lasted 00:10:36 (1771 turns).

Hantington the Ducker (Troll Monk)                  Turns: 1771, Time: 00:10:37

Health: -4/36      AC:  4    Str: 19    XL:     3   Next: 75%
Magic:  2/2        EV: 10    Int:  8    God:
Gold:   132        SH:  0    Dex: 12    Spells: 2/2 levels left

rFire   . . .      SeeInvis .   a - +0 falchion
rCold   . . .      Faith    .   (no shield)
rNeg    . . .      Spirit   .   b - +0 robe
rPois   .          Reflect  .   (helmet restricted)
rElec   .          Harm     .   (no cloak)
rCorr   .          Rampage  .   (gloves unavailable)
Will    .....                   (boots unavailable)
Stlth   +.........              (no amulet)
HPRegen 0.92/turn               (no ring)
MPRegen 0.08/turn               (no ring)

@: confused
A: large, unfitting armour, claws 3, regeneration 1, shaggy fur 1, tough skin 1
a: no special abilities


You were on level 3 of the Dungeon.
You visited 1 branch of the dungeon, and saw 3 of its levels.

You collected 132 gold pieces.

Inventory:

Hand Weapons
 a - a +0 falchion (weapon)
Armour
 b - a +0 robe (worn)
Scrolls
 d - a scroll of teleportation
 e - a scroll of identify
 g - a scroll of holy word {unknown}
 h - a scroll of amnesia {unknown}
 i - a scroll of fog {unknown}
Potions
 c - a potion of mutation {unknown}
 f - a potion of curing


   Skills:
 + Level 2.8 Fighting
 + Level 3.0 Long Blades
 + Level 3.0 Dodging
 + Level 1.1 Stealth


You had 2 spell levels left.
You didn't know any spells.
Your spell library contained the following spells:

 Spells                   Type           Power      Damage    Failure   Level
 Call Canine Familiar     Summ           0%         N/A       78%         3
 Portal Projectile        Hex/Tloc       0%         N/A       78%         3
 Tukima's Dance           Hex            0%         N/A       78%         3
 Leda's Liquefaction      Hex/Erth       0%         N/A       99%         4
 Olgreb's Toxic Radiance  Pois           0%         N/A       99%         4
 Passage of Golubria      Tloc           0%         N/A       99%         4
 Yara's Violent Unravell  Hex/Tmut       0%         3d3       100%        5
 Ozocubu's Refrigeration  Ice            0%         4d5       100%        7
 Ignition                 Fire           0%         3d3       100%        8


Dungeon Overview and Level Annotations

Branches:
Dungeon (3/15)

Altars:

Annotations:
D:2 1 exclusion


Innate Abilities, Weirdness & Mutations

You are too large for most types of armour.
You have claws for hands.
Your natural rate of healing is unusually fast.
You are covered in fur. (AC +1)
You have tough skin. (AC +1)


Message History

You hit the orc.
The orc is severely wounded.
The orc barely misses you.
You hit the orc.
The orc is almost dead.
The orc hits you with a +0 morningstar!
You slash the orc!
You kill the orc!
You miss something. You closely miss something.
Something hits you but does no damage.
You hit something. Something hits you. x2
You hit something but do no damage. Something hits you.
You closely miss something.
You hear some strange, mumbled words.
A magic dart appears from out of thin air!
The magic dart hits you!
* * * LOW HITPOINT WARNING * * *
You hit something.
You hear some strange, mumbled words.
You are confused.
An orc is nearby!
You bump into the rock wall.
Something hits you.
* * * LOW HITPOINT WARNING * * *
You bump into the rock wall.
Something hits you.
* * * LOW HITPOINT WARNING * * *
You completely miss something.
You hear some strange, mumbled words.
A magic dart appears from out of thin air!
The magic dart hits you.
* * * LOW HITPOINT WARNING * * *
You hear some strange, mumbled words.
You are more confused.
An orc is nearby!
An orc is nearby!
Something hits you but does no damage.
You bump into the rock wall.
You hear some strange, mumbled words.
A magic dart appears from out of thin air!
The magic dart hits you!
You die...

h........#
#.....# #...#
##)## #.# #.#
#.######.##
#......{o.##
...###@....#
...###...##
.....##.#####.#
#..........#
####.#######
.######.#
........#
#######.# #.#


You could see an orc.

Vanquished Creatures
  An adder (D:2)
  A dart slug (D:1)
  3 orcs (D:3)
  2 ball pythons (D:2)
  A bat (D:1)
  An endoplasm (D:1)
  3 giant cockroaches
  2 goblins (D:2)
  6 hobgoblins
  7 jackals
  4 kobolds
  2 quokkas (D:1)
  A frilled lizard (D:1)
  3 rats
37 creatures vanquished.

Vanquished Creatures (others)
  2 withered plants (D:3)
2 creatures vanquished.

Grand Total: 39 creatures vanquished

Notes
Turn   | Place    | Note
-------+----------+-------------------------------------------
     0 | D:1      | Hantington the Troll Monk began the quest for the Orb.
     0 | D:1      | Reached XP level 1. HP: 22/22 MP: 0/0
   286 | D:1      | Reached XP level 2. HP: 29/29 MP: 1/1
   313 | D:1      | Found a faded altar of an unknown god.
   823 | D:2      | Reached XP level 3. HP: 36/36 MP: 2/2
  1765 | D:3      | HP: 1/36 [something/magic dart (6)]
  1771 | D:3      | Killed from afar by an orc wizard

Illustrated notes

Levels and vault maps discovered:
D:1:      scummos_arrival_forest, layout_rooms, ebering_ecumenical_altar_webs
D:2:      layout_basic, kennysheep_generic_room_12
D:3:      layout_loops_corners, kiku_gazebo_garden_becter

Skill      XL: |  1  2  3 |
---------------+----------+-----
Dodging        | 3 |  3.0
Long Blades    | 3 |  3.0
Fighting       | |  2.8
Stealth        | |  1.1

Action                   || total
-------------------------++-------
Melee: Falchion          ||   114
       Punch             ||     2
  Use: Scroll            ||     2
       Potion            ||     1
 Stab: Sleeping          ||     2
Armor: Robe              ||    56
Dodge: Dodged            ||    82
